 Dungeon Crawl Stone Soup version 0.28.0 (webtiles) character file.

Game seed: 16496349272247327845

2119 Ayyar the Blocker (level 9, -1/72 HPs)
             Began as a Minotaur Fighter on Apr 22, 2022.
             Was a Follower of Hepliaklqana.
             Killed from afar by an acid dragon (23 damage)
             ... with a splash of acid
             ... on level 7 of the Dungeon.
             The game lasted 00:18:46 (8050 turns).

Ayyar the Blocker (Minotaur Fighter)                Turns: 8050, Time: 00:18:46

Health: -1/72      AC:  2    Str: 25    XL:     9   Next: 8%
Magic:  8/8        EV: 10    Int:  5    God:    Hepliaklqana [*.....]
Gold:   259        SH:  5    Dex: 10    Spells: 8/8 levels left

rFire   . . .      SeeInvis .   a - +0 trident
rCold   . . .      Faith    .   c - +0 buckler
rNeg    . . .      Spirit   .   w - +2 ring mail
rPois   .          Reflect  .   (helmet restricted)
rElec   .          Harm     .   b - +0 cloak of Temperance {Slay+2}
rCorr   .          Rampage  .   (no gloves)
Will    .....                   (no boots)
Stlth   ..........              (no amulet)
HPRegen 0.22/turn               (no ring)
MPRegen 0.11/turn               (no ring)

@: corroded, studying Evocations
A: reduced essence, horns 2, retaliatory headbutt
a: Renounce Religion, Recall Ancestor, Ancestor Identity


You were on level 7 of the Dungeon.
You worshipped Hepliaklqana.
Hepliaklqana was aware of your devotion.
You visited 2 branches of the dungeon, and saw 8 of its levels.
You also visited: Sewer.

You collected 259 gold pieces.

Inventory:

Hand Weapons
 a - a +0 trident (weapon)
Missiles
 l - 17 poisoned darts (quivered)
 v - 5 boomerangs
Armour
 b - the +0 cloak of Temperance (worn) {Slay+2}
   (You found it on level 5 of the Dungeon)

   Slay:      It affects your accuracy & damage with ranged weapons and melee
   (+2).
 c - a +0 buckler (worn)
 t - an orb of light
 w - a +2 ring mail (worn)
Wands
 n - a wand of flame (27)
Scrolls
 e - a scroll of summoning {unknown}
 f - 3 scrolls of immolation
 g - 2 scrolls of teleportation {unknown}
 i - 5 scrolls of identify
 j - a scroll of magic mapping
 m - 2 scrolls of amnesia {unknown}
 p - a scroll of blinking {unknown}
 q - 2 scrolls of enchant weapon {unknown}
 s - a scroll of fear {unknown}
 x - a scroll of noise {unknown}
Potions
 d - 3 potions of might
 h - 2 potions of degeneration {unknown}
 k - a potion of curing
 o - 3 potions of heal wounds {unknown}
 r - a potion of invisibility {unknown}
 u - a potion of brilliance {unknown}
 z - a potion of cancellation {unknown}
 A - 2 potions of experience {unknown}
 B - 2 potions of attraction {unknown}


   Skills:
 + Level 8.0 Fighting
 + Level 7.6 Polearms
 + Level 8.0 Armour
 + Level 8.1 Shields


You had 8 spell levels left.
You didn't know any spells.
Your spell library contained the following spells:

 Spells                   Type           Power      Damage    Failure   Level
 Magic Dart               Conj           0%         1d3       67%         1
 Corpse Rot               Necr/Air       0%         N/A       82%         2
 Searing Ray              Conj           0%         2d4       82%         2
 Ignite Poison            Fire/Tmut/Pois 0%         N/A       96%         3
 Mephitic Cloud           Conj/Pois/Air  0%         N/A       96%         3
 Dispel Undead            Necr           0%         3d6       100%        4
 Fulminant Prism          Conj/Hex       0%         3d6       100%        4
 Freezing Cloud           Conj/Ice/Air   0%         6-21      100%        5
 Death Channel            Necr           0%         N/A       100%        6


Dungeon Overview and Level Annotations

Branches:
Dungeon (7/15)             Temple (1/1) D:5           Sewer (visited)

Altars:
Ashenzari
Cheibriados
Dithmenos
Fedhas
Gozag
Hepliaklqana
Kikubaaqudgha
Makhleb
Nemelex Xobeh
Okawaru
Uskayaw
Vehumet
Wu Jian
Xom
Yredelemnul
Zin
The Shining One
Beogh

Shops:
D:4 *


Innate Abilities, Weirdness & Mutations

Your life essence is reduced to manifest your ancestor. (-10% HP)
You have a pair of horns on your head.
You reflexively headbutt those who attack you in melee.


Message History

You hit the centaur skeleton. You headbutt the centaur skeleton.
You destroy the centaur skeleton!
No target in view!
o - 3 bubbling emerald potions (gained 1)
Found a stone staircase leading up.
An acid dragon comes into view.
The acid dragon roars!
The acid dragon spits acid at you. The splash of acid hits you!
The acid corrodes you!
An acid dragon is nearby!
The acid dragon spits acid at you. The splash of acid misses you.
The acid dragon spits acid at you. The splash of acid hits you.
The acid corrodes you!
You reach to attack!
You barely miss the acid dragon. You hit the acid dragon.
You headbutt the acid dragon, but do no damage.
The acid dragon is lightly wounded.
You barely miss the acid dragon. You headbutt the acid dragon!
The acid dragon is heavily wounded.
The acid dragon bites you. The acid dragon claws you.
You hit the acid dragon but do no damage.
The acid dragon is heavily wounded.
The acid dragon bites you. The acid dragon claws you.
You puncture the acid dragon! Your headbutt misses the acid dragon.
The acid dragon is severely wounded.
The acid dragon closely misses you. The acid dragon claws you.
You barely miss the acid dragon. Your headbutt misses the acid dragon.
The acid dragon is severely wounded.
The acid dragon bites you. The acid dragon claws you.
You are too injured to fight recklessly!
You are too injured to fight recklessly!
You are too injured to fight recklessly!
The acid dragon bites you! The acid dragon claws you.
You hit the acid dragon but do no damage.
The acid dragon is severely wounded.
Decima hits the acid dragon.
The acid dragon spits acid at you. The splash of acid hits you!!
You die...

+##
######.###
##...##...#
#<.8....8.#
##...##...#
######..##
##.R#..#
#.D@#...#
#.8.#...#
#...#...#
##<##...#
## ....#
...#


You could see the friendly Decima the ancestor and an acid dragon (catching
breath, ally target).

Vanquished Creatures
  Sigmund (D:5)
  A yak (D:6)
  4 water moccasins
  2 ice beasts (D:6)
  An ogre (D:5)
  A phantom (D:6)
  A bullfrog (D:6)
  4 scorpions
  The ghost of Vixxxy the Sneak, a weakling KoDe (D:5)
  A centaur zombie (D:4)
  4 jellies
  An orc priest (D:5)
  A bullfrog skeleton (D:3)
  2 hounds
  2 centaur skeletons
  An iguana (D:4)
  Jessica (D:3)
  A hound zombie (D:4)
  A howler monkey zombie (D:6)
  A howler monkey skeleton (D:4)
  7 adders
  2 river rats
  A shadow imp (D:6)
  2 white imps
  An ufetubus (D:4)
  2 adder skeletons (D:4)
  5 worms
  2 dart slugs
  16 orcs
  10 ball pythons
  9 endoplasms
  6 giant cockroaches
  7 hobgoblins
  3 jackals (D:3)
  7 kobolds
  2 quokkas
  A bat (D:1)
  10 frilled lizards
  8 goblins
  A quokka skeleton (D:4)
  4 rats
138 creatures vanquished.

Vanquished Creatures (collateral kills)
  An iguana (D:6)
  An adder (D:6)
  A river rat (Sewer)
  A worm (Sewer)
  2 ball pythons (Sewer)
  2 endoplasms (Sewer)
  3 giant cockroaches (Sewer)
  2 frilled lizards (Sewer)
13 creatures vanquished.

Grand Total: 151 creatures vanquished

Notes
Turn   | Place    | Note
-------+----------+-------------------------------------------
     0 | D:1      | Ayyar the Minotaur Fighter began the quest for the Orb.
     0 | D:1      | Reached XP level 1. HP: 19/19 MP: 0/0
   297 | D:1      | Reached XP level 2. HP: 27/27 MP: 1/1
   327 | D:1      | Found a faded altar of an unknown god.
   886 | D:2      | Reached XP level 3. HP: 26/33 MP: 2/2
  1547 | D:2      | Reached XP level 4. HP: 40/41 MP: 3/3
  1848 | D:3      | Noticed Jessica
  1854 | D:3      | Killed Jessica
  2164 | D:3      | Reached XP level 5. HP: 42/47 MP: 4/4
  3216 | D:4      | Found an opulent altar of Gozag.
  3219 | D:4      | Found Gozag's Platinum Reserve.
  3231 | D:4      | Reached skill level 5 in Fighting
  3231 | D:4      | Reached skill level 5 in Armour
  3231 | D:4      | Reached skill level 5 in Shields
  3421 | D:4      | Reached XP level 6. HP: 53/56 MP: 5/5
  3443 | D:4      | Found a basalt altar of Yredelemnul.
  3740 | D:4      | Found an ancient bone altar of Kikubaaqudgha.
  3766 | D:5      | Entered Level 5 of the Dungeon
  4176 | D:5      | Noticed a water moccasin
  4189 | D:5      | Killed a water moccasin
  4190 | D:5      | Reached skill level 5 in Polearms
  4190 | D:5      | Reached XP level 7. HP: 44/62 MP: 6/6
  4303 | D:5      | Found a staircase to the Ecumenical Temple.
  4304 | D:5      | Noticed Sigmund
  4323 | D:5      | Killed Sigmund
  4453 | Temple   | Entered the Ecumenical Temple
  4717 | Temple   | Became a worshipper of Hepliaklqana the Forgotten
  4993 | D:5      | Reached XP level 8. HP: 59/71 MP: 7/7
  5217 | D:5      | Noticed Vixxxy's ghost (weakling KoDe)
  5219 | D:5      | Found a runed translucent gate.
  5220 | D:5      | Found a runed translucent gate.
  5264 | D:5      | Found a runed translucent gate.
  5670 | D:5      | Killed Vixxxy's ghost
  5917 | D:5      | Identified the +0 cloak of Temperance {Slay+2}
  6233 | D:6      | Found a glowing drain.
  6247 | Sewer    | Entered a sewer
  6247 | Sewer    | Reached * piety under Hepliaklqana
  6577 | Sewer    | Found a viscous altar of Jiyva.
  6993 | D:6      | Reached XP level 9. HP: 58/72 MP: 8/8
  8050 | D:7      | Killed from afar by an acid dragon

Illustrated notes

Levels and vault maps discovered:
D:1:      dpeg_arrival_tiny_k, layout_basic, hellmonk_ecumenical_altar_blasted
D:2:      layout_loops_corners, minmay_misc_feat_x, minmay_cupped
D:3:      layout_loops_corners, chequers_arboretum,
          chequers_serial_rivers_micro_a, uniq_jessica
D:4:      corexii_shack_village, layout_rooms, lemuel_zombie_altar_yredelemnul,
          nicolae_gozag_zags_fifth_avenue, mainiacjoe_overflow_surrounded_room
D:5:      layout_basic, minmay_temple_entry_crystal_x,
          biasface_ghost_orc_armoury, uniq_sigmund
D:6:      layout_layer_cave, gup_sewer_entry_bubbles, minmay_manual_mail
D:7:      layout_rooms, grunt_ministairs_4, uniq_prince_ribbit1, uniq_pikel,
          uniq_menkaure
Temple:   dpeg_chambers_temple

Skill      XL: |  1  2  3  4  5  6  7  8  9 |
---------------+----------------------------+-----
Armour         | 4 5 6 7 8 |  8.0
Fighting       | 4 5 6 7 8 |  8.0
Polearms       | 3 4 5 6 7 |  7.6
Shields        | 4 5 6 7 8 |  8.1

Action                   |  1- 3 |  4- 6 |  7- 9 || total
-------------------------+-------+-------+-------++-------
Melee: Trident           |    71 |   175 |   235 ||   481
       Headbutt          |    10 |    26 |    36 ||    72
Throw: Dart              |       |     2 |     1 ||     3
  Use: Scroll            |       |       |     2 ||     2
       Potion            |       |       |     1 ||     1
Armor: Scale mail        |    21 |    63 |    23 ||   107
       Ring mail         |       |       |    43 ||    43
Dodge: Dodged            |    24 |    66 |    72 ||   162
Block: Buckler           |     9 |    26 |    51 ||    86
